 Dungeon Sprint DCSS version 0.27-a0-808-g60bc5d92e6 (webtiles) character file.

Game seed: 3854767870314011386

31148 mhtbhm the Phalangite (level 13, -8/138 HPs)
             Began as a Red Draconian Berserker on Mar 28, 2021.
             Was the Champion of Trog.
             Mangled by an alligator (31 damage)
             ... in the Dungeon (Sprint IX: "|||||||||||||||||||||||||||||").
             The game lasted 00:08:04 (4564 turns).

mhtbhm the Phalangite (Red Draconian Berserker)     Turns: 4564, Time: 00:08:05

Health: -8/138     AC: 14    Str: 25    XL:     13   Next: 24%
Magic:  22/22      EV: 20    Int: 17    God:    Trog [******]
Gold:   302        SH:  0    Dex: 12    Spells: 12/12 levels left

rFire    + . .     SeeInvis .   a - +7 glaive of the Spheres {vorpal, rElec}
rCold    . . .     Faith    .   (shield currently unavailable)
rNeg     . . .     Spirit   .   (armour unavailable)
rPois    +         Reflect  .   m - +2 hat of the Moneychanger {rPois MP+9 Int+10 Dex-2}
rElec    +         Harm     .   s - +0 cloak
rCorr    .         Rampage  .   G - +1 pair of gloves
Will     .....     NoTele   +   j - +0 pair of boots
Stlth    ++........             (no amulet)
HPRegen  0.33/turn              l - +3 ring of dexterity
MPRegen  0.18/turn              k - +2 ring of evasion

@: berserk cooldown, slowed, very slow
A: breathe fire, AC +8, unfitting armour, fire resistance 1, cold-blooded
a: Breathe Fire, Renounce Religion, Berserk, Trog's Hand, Brothers in Arms


You were in the Dungeon.
You worshipped Trog.
Trog was exalted by your worship.
You visited 1 branch You collected 1941 gold pieces.
You spent 1639 gold pieces at shops.

Inventory:

Hand Weapons
 a - the +7 glaive of the Spheres (weapon) {vorpal, rElec}
   (Trog gifted it to you in the Dungeon)

   It inflicts extra damage upon your enemies.
   It insulates you from electricity.
 t - a +4 bardiche of flaming
 E - the +13 scythe of Curses {drain, *Drain}
   (You found it in the Dungeon)

   A truly terrible weapon, it drains the life of those it strikes.
   It causes draining when unequipped.
Missiles
 u - 7 javelins
Armour
 j - a +0 pair of boots (worn)
 m - the +2 hat of the Moneychanger (worn) {rPois MP+9 Int+10 Dex-2}
   (You acquired it in the Dungeon)

   It affects your intelligence (+10).
   It affects your dexterity (-2).
   It protects you from poison.
   It affects your magic capacity (+9).
 s - a +0 cloak (worn)
 F - a +1 tower shield
 G - a +1 pair of gloves (worn)
Jewellery
 k - a +2 ring of evasion (right hand)
 l - a +3 ring of dexterity (left hand)
 w - a ring of protection from fire
 B - a ring of fire
 C - a ring of ice
 D - a ring of protection from cold
Wands
 i - a wand of acid (14)
Scrolls
 g - 3 scrolls of blinking
 p - 5 scrolls of fear
 q - 4 scrolls of enchant armour
 r - 3 scrolls of enchant weapon
 v - 3 scrolls of immolation
 y - 2 scrolls of identify
 A - a scroll of silence
Potions
 b - 8 potions of curing
 c - 6 potions of heal wounds
 d - 4 potions of haste
 e - 4 potions of magic
 f - 2 potions of berserk rage
 h - 2 potions of invisibility
 n - a potion of mutation
 o - a potion of might
 x - a potion of attraction
 z - 2 potions of cancellation


   Skills:
 + Level 19.4 Fighting
 + Level 22.8 Polearms
 + Level 15.2 Dodging
 + Level 4.2 Stealth
 + Level 3.1 Evocations


You had 12 spell levels left.
You didn't know any spells.
Your spell library was empty.

Dungeon Overview and Level Annotations

Branches:
Dungeon (1/1)

Altars:
Cheibriados
Dithmenos
Elyvilon
Fedhas
Gozag
Hepliaklqana
Kikubaaqudgha
Makhleb
Nemelex Xobeh
Okawaru
Qazlal
Ru
Sif Muna
Trog
Uskayaw
Vehumet
Wu Jian
Xom
Yredelemnul
Zin
The Shining One
Beogh
Jiyva
Lugonu

Shops:
D ?[(!


Innate Abilities, Weirdness & Mutations

You can breathe blasts of fire.
Your fiery red scales are hard. (AC +8)
You cannot fit into any form of body armour.
Your flesh is heat resistant. (rF+)
You are cold-blooded and may be slowed by cold attacks.


Message History

The spriggan druid is engulfed in spectral mist.
The spriggan druid hits you with a +0 quarterstaff!
* * * LOW HITPOINT WARNING * * *
Unknown command.
Aiming: Corrosive Bolt
Press: ? - help, Shift-Dir - straight line, f - spriggan druid
Aim: a spriggan druid, wielding a +0 quarterstaff and wearing a +0 robe (heavily wounded, 52% to evade)
The bolt of acid misses the spriggan druid.
The bolt of acid hits the alligator.
The alligator is splashed with acid.
The acid corrodes the alligator!
The alligator is lightly wounded.
The spriggan druid hits you with a +0 quarterstaff!
* * * LOW HITPOINT WARNING * * *
Unknown command.
Unknown command.
Unknown command.
Unknown command.
Aiming: Corrosive Bolt
Press: ? - help, Shift-Dir - straight line, f/p - spriggan druid
Aim: a spriggan druid, wielding a +0 quarterstaff and wearing a +0 robe (heavily wounded, 52% to evade)
The bolt of acid misses the spriggan druid.
The bolt of acid misses the alligator.
The spriggan druid hits you but does no damage.
The spriggan druid calls out to the beasts of the wild!
Unknown command.
Unknown command.
You slash the spriggan druid!
The spriggan druid is almost dead.
Branches wave dangerously above you. The spriggan druid barely misses you.
Unknown command.
You slash the spriggan druid!
With its final breath, the spriggan druid offers up its power to the beasts of the wild!
The alligator is healed.
The alligator seems to grow more fierce.
You kill the spriggan druid!
Trog accepts your kill.
Trog appreciates your killing of a magic user.
The forest abruptly stops moving.
The alligator bites you!!
You die...

_▓.▓'▓.▓.▓.▓)▓.♣.♣
_▓.▓.▓.▓.▓.▓.▓.♣.♣
_▓.▓.▓.▓.▓.▓)▓.♣.♣
_▓.▓.▓.▓)▓.▓)▓.♣.♣
_▓.▓.▓.▓.▓.▓)▓.♣)♣
'▓.▓.▓.▓)▓.▓)▓.♣†♣
.▓.▓(▓.▓)▓.▓)▓.†)♣
.▓.▓:▓.▓)▓.▓.▓.▓t▓
.▓.▓)▓.▓)▓.▓.▓.▓@▓
.▓.▓!▓.▓.▓.▓.▓.▓.▓
.▓.▓.▓.▓.▓.▓.▓.▓.▓
)▓.▓.▓.▓.▓.▓.▓.▓.▓
.▓.▓.▓.▓.▓.▓'▓.▓.▓
.▓.▓.▓.▓.▓.▓.▓.▓.▓
.▓.▓'▓.▓.▓.▓.▓.▓.▓
.▓.▓.▓.▓.▓.▓.▓.▓.▓
.▓.▓.▓.▓.▓.▓.▓.▓.▓


You could see an alligator (strong, swift, corroded).

Vanquished Creatures
  Frances (D)
  Donald (D)
  A very ugly thing (D)
  A vampire knight (D)
  A spark wasp (D)
  An eleionoma (D)
  2 hydras (D)
  A ghost crab (D)
  A deep troll shaman (D)
  3 centaur warriors (D)
  2 two-headed ogres (D)
  A deep troll earth mage (D)
  8 orc high priests (D)
  Urug (D)
  Nergalle (D)
  A glowing orange brain (D)
  2 spriggan druids (D)
  A lindwurm (D)
  2 orc knights (D)
  2 ugly things (D)
  A cyclops (D)
  4 manticores (D)
  A black mamba (D)
  Joseph (D)
  A gargoyle (D)
  A torpor snail (D)
  2 cane toads (D)
  Psyche (D)
  A rime drake (D)
  A bloated husk (D)
  4 tyrant leeches (D)
  A blink frog (D)
  3 yaks (D)
  A steam dragon (D)
  3 basilisks (D)
  A floating eye (shapeshifter) (D)
  2 water moccasins (D)
  14 orc warriors (D)
  An ogre (D)
  3 bullfrogs (D)
  A howler monkey (D)
  7 orc priests (D)
  4 orc wizards (D)
  An adder zombie (D)
  4 worms (D)
  5 orcs (D)
  2 bat skeletons (D)
  2 endoplasms (D)
  2 hobgoblins (D)
  A bat (D)
  2 jackal skeletons (D)
112 creatures vanquished.

Vanquished Creatures (collateral kills)
  A hell knight (D)
1 creature vanquished.

Vanquished Creatures (others)
  An eleionoma (D)
  A hydra (D)
2 creatures vanquished.

Grand Total: 115 creatures vanquished

Notes
Turn   | Place    | Note
-------+----------+-------------------------------------------
     0 | D        | mhtbhm the Draconian Berserker began the quest for the Orb.
     0 | D        | Reached XP level 1. HP: 19/19 MP: 1/1
    12 | D        | Reached ** piety under Trog
   108 | D        | Noticed an ogre
   113 | D        | Killed an ogre
   114 | D        | Reached skill level 5 in Polearms
   114 | D        | Reached skill level 5 in Dodging
   114 | D        | Reached XP level 2. HP: 30/30 MP: 2/2
   114 | D        | Reached XP level 3. HP: 37/37 MP: 3/3
   114 | D        | Reached XP level 4. HP: 44/44 MP: 4/4
   115 | D        | Reached *** piety under Trog
   162 | D        | Found a snail-covered altar of Cheibriados.
   162 | D        | Found a shadowy altar of Dithmenos.
   162 | D        | Found a white marble altar of Elyvilon.
   162 | D        | Found a blossoming altar of Fedhas.
   162 | D        | Found an opulent altar of Gozag.
   163 | D        | Found a hazy altar of Hepliaklqana.
   164 | D        | Found a viscous altar of Jiyva.
   165 | D        | Found an ancient bone altar of Kikubaaqudgha.
   166 | D        | Found a corrupted altar of Lugonu.
   167 | D        | Found a burning altar of Makhleb.
   168 | D        | Found a sparkling altar of Nemelex Xobeh.
   169 | D        | Found an iron altar of Okawaru.
   170 | D        | Found a stormy altar of Qazlal.
   171 | D        | Found a sacrificial altar of Ru.
   172 | D        | Found a shimmering blue altar of Sif Muna.
   173 | D        | Found a bloodstained altar of Trog.
   174 | D        | Found a hide-covered altar of Uskayaw.
   175 | D        | Found a radiant altar of Vehumet.
   176 | D        | Found an ornate altar of the Wu Jian Council.
   177 | D        | Found a shimmering altar of Xom.
   178 | D        | Found a basalt altar of Yredelemnul.
   179 | D        | Found a glowing silver altar of Zin.
   180 | D        | Found a glowing golden altar of the Shining One.
   217 | D        | Noticed an orc warrior
   217 | D        | Noticed a yak
   217 | D        | Noticed an orc warrior
   217 | D        | Noticed a gargoyle
   221 | D        | Reached **** piety under Trog
   222 | D        | Reached skill level 6 in Polearms
   224 | D        | Killed a gargoyle
   225 | D        | Reached skill level 9 in Polearms
   225 | D        | Reached XP level 5. HP: 57/57 MP: 5/5
   225 | D        | Reached XP level 6. HP: 64/64 MP: 6/6
   228 | D        | Killed an orc warrior
   229 | D        | Your scales start taking on a fiery red colour.
   229 | D        | Reached XP level 7. HP: 71/71 MP: 7/7
   229 | D        | Gained mutation: Your flesh is heat resistant. (rF+) [Red
                  | Draconian growth]
   232 | D        | Killed a yak
   233 | D        | Reached skill level 10 in Fighting
   233 | D        | Reached skill level 10 in Polearms
   241 | D        | Reached ***** piety under Trog
   469 | D        | Noticed a centaur warrior
   469 | D        | Noticed a centaur warrior
   469 | D        | Noticed a four-headed hydra
   469 | D        | Noticed a two-headed ogre
   469 | D        | Noticed a two-headed ogre
   469 | D        | Noticed a centaur warrior
   474 | D        | Killed a centaur warrior
   474 | D        | Received a gift from Trog
   475 | D        | Reached skill level 12 in Polearms
   475 | D        | Reached XP level 8. HP: 29/82 MP: 8/8
   478 | D        | Killed a centaur warrior
   479 | D        | Reached skill level 13 in Polearms
   479 | D        | Reached skill level 10 in Dodging
   479 | D        | Reached XP level 9. HP: 71/90 MP: 9/9
   479 | D        | Killed a two-headed ogre
   480 | D        | Reached skill level 1 in Evocations
   482 | D        | Killed a two-headed ogre
   483 | D        | Reached skill level 14 in Polearms
   813 | D        | Killed an eight-headed hydra
   819 | D        | Killed a centaur warrior
   820 | D        | Reached skill level 15 in Polearms
   820 | D        | Reached XP level 10. HP: 22/102 MP: 10/10
  1265 | D        | Noticed a cane toad
  1281 | D        | Killed a cane toad
  1283 | D        | Noticed a cane toad
  1289 | D        | Killed a cane toad
  1294 | D        | Reached skill level 16 in Polearms
  1331 | D        | Noticed a black mamba
  1331 | D        | Noticed a torpor snail
  1332 | D        | Noticed an eight-headed hydra
  1338 | D        | Killed a torpor snail
  1338 | D        | Received a gift from Trog
  1339 | D        | Reached skill level 1 in Stealth
  1352 | D        | Killed a 14-headed hydra
  1353 | D        | Reached skill level 15 in Fighting
  1365 | D        | Reached ****** piety under Trog
  1365 | D        | Received a gift from Trog
  1366 | D        | Reached XP level 11. HP: 53/112 MP: 11/11
  1701 | D        | Noticed a lindwurm
  1708 | D        | Killed a lindwurm
  1709 | D        | Reached skill level 17 in Polearms
  1720 | D        | Received a gift from Trog
  1807 | D        | Noticed Urug
  1816 | D        | Killed Urug
  2026 | D        | Received a gift from Trog
  2230 | D        | Noticed an orc knight
  2230 | D        | Noticed an orc high priest
  2237 | D        | Killed an orc high priest
  2237 | D        | Received a gift from Trog
  2240 | D        | Reached skill level 18 in Polearms
  2246 | D        | Killed an orc knight
  2258 | D        | Noticed an orc knight
  2260 | D        | Identified the +1 trident of the Spider {vorpal, Int+4}
                  | (Trog gifted it to you in the Dungeon)
  2260 | D        | Received a gift from Trog
  2375 | D        | Killed an orc knight
  2687 | D        | Found Ditan's Distillery.
  2687 | D        | Noticed an orc high priest
  2696 | D        | Noticed an orc high priest
  2702 | D        | Killed an orc high priest
  2702 | D        | Received a gift from Trog
  2708 | D        | Killed an orc high priest
  2709 | D        | Reached skill level 19 in Polearms
  2751 | D        | Found Qojuhomied's Antique Weapon Shop.
  2785 | D        | Found Amiojat's Antique Armour Boutique.
  2788 | D        | Found Pija's Magic Scroll Shop.
  2789 | D        | Noticed an orc high priest
  2790 | D        | Noticed an orc high priest
  2791 | D        | Noticed an orc high priest
  2792 | D        | Noticed an orc high priest
  2793 | D        | Noticed an orc high priest
  2799 | D        | Killed an orc high priest
  2809 | D        | Killed an orc high priest
  2810 | D        | Noticed a sixfirhy
  2823 | D        | Killed an orc high priest
  2824 | D        | Reached XP level 12. HP: 57/125 MP: 12/12
  2830 | D        | Killed an orc high priest
  2830 | D        | Received a gift from Trog
  2832 | D        | Killed an orc high priest
  2833 | D        | Reached skill level 20 in Polearms
  3096 | D        | Bought a scroll of immolation for 38 gold pieces
  3096 | D        | Bought a scroll of acquirement for 572 gold pieces
  3096 | D        | Bought a scroll of immolation for 38 gold pieces
  3096 | D        | Bought a scroll of fear for 38 gold pieces
  3096 | D        | Bought a scroll of immolation for 38 gold pieces
  3102 | D        | Bought a potion of invisibility for 88 gold pieces
  3102 | D        | Bought a potion of curing for 33 gold pieces
  3102 | D        | Bought a potion of heal wounds for 55 gold pieces
  3102 | D        | Bought a potion of attraction for 33 gold pieces
  3102 | D        | Bought a potion of heal wounds for 55 gold pieces
  3102 | D        | Bought a potion of haste for 110 gold pieces
  3102 | D        | Bought a potion of cancellation for 88 gold pieces
  3102 | D        | Bought a potion of cancellation for 88 gold pieces
  3102 | D        | Bought a potion of berserk rage for 55 gold pieces
  3108 | D        | Bought a scroll of identify for 22 gold pieces
  3108 | D        | Bought a scroll of silence for 82 gold pieces
  3108 | D        | Bought a scroll of identify for 22 gold pieces
  3112 | D        | Bought a scorched spear for 184 gold pieces
  3112 | D        | Identified the +5 spear of Cikhly {elec, Int+2} (You bought
                  | it in a shop in the Dungeon)
  3118 | D        | Acquired the +2 hat of the Moneychanger {rPois MP+9 Int+10
                  | Dex-2}
  3219 | D        | Noticed Psyche
  3230 | D        | Killed Psyche
  3234 | D        | Noticed Joseph
  3243 | D        | Killed Joseph
  3430 | D        | Found the +13 scythe of Curses {drain, *Drain}
  3489 | D        | Paralysed by a floating eye for 3 turns
  3500 | D        | Noticed a deep troll earth mage
  3505 | D        | Identified the +7 glaive of the Spheres {vorpal, rElec}
                  | (Trog gifted it to you in the Dungeon)
  3505 | D        | Received a gift from Trog
  3519 | D        | Killed a deep troll earth mage
  3520 | D        | Reached skill level 21 in Polearms
  3797 | D        | Noticed a spark wasp
  3798 | D        | Noticed a deep troll shaman
  3799 | D        | Noticed a vampire knight
  3800 | D        | Noticed a red very ugly thing
  3806 | D        | Killed a spark wasp
  3815 | D        | Killed a red very ugly thing
  3818 | D        | Killed a deep troll shaman
  3823 | D        | Killed a vampire knight
  3823 | D        | Received a gift from Trog
  3894 | D        | Noticed Donald
  3915 | D        | Killed Donald
  3916 | D        | Reached skill level 22 in Polearms
  4266 | D        | Noticed Frances
  4276 | D        | Killed Frances
  4276 | D        | Received a gift from Trog
  4277 | D        | Reached XP level 13. HP: 136/136 MP: 13/13
  4428 | D        | Noticed Nergalle
  4443 | D        | Killed Nergalle
  4529 | D        | Noticed an eleionoma
  4529 | D        | Noticed an eleionoma
  4532 | D        | Killed an eleionoma
  4534 | D        | Killed an eleionoma
  4535 | D        | Reached skill level 15 in Dodging
  4555 | D        | Received a gift from Trog
  4564 | D        | Mangled by an alligator

Illustrated notes

Levels and vault maps discovered:
D:        linesprint [early_d, line_temple, items_1, d_10, items_2, lair_1,
          lair_end, items_3, orc_1, orc_end, items_4, d_15, swamp_1, shoals_1,
          snake_1, spider_1, d_20, vaults_1, items_5, swamp_end, shoals_end,
          snake_end, spider_end, vaults_end, d_27, items_6, zot_1, zot_end,
          crypt_end, forest_end, elf_end, slime_end, tomb_end, abyss_end,
          pan_hell_end]

Skill      XL: |  1  2  3  4  5  6  7  8  9 10 11 12 13 |
---------------+----------------------------------------+-----
Dodging        | 5 8 9 10 12 13 14 15 | 15.2
Fighting       | 6 9 11 12 13 15 17 18 19 | 19.4
Polearms       | 5 9 12 13 15 16 19 22 | 22.8
Evocations     | 1 2 3 |  3.1
Stealth        | 1 3 4 |  4.2

Action                   |  1- 3 |  4- 6 |  7- 9 | 10-12 | 13-15 || total
-------------------------+-------+-------+-------+-------+-------++-------
Melee: Spear             |    16 |     8 |       |       |       ||    24
       Tailslap          |     3 |     3 |     7 |    29 |     1 ||    43
       Halberd           |       |    10 |    34 |    60 |       ||   104
       Bardiche          |       |       |       |   178 |       ||   178
       Glaive            |       |       |       |    48 |    37 ||    85
Invok: Berserk           |     1 |     1 |     2 |    13 |     1 ||    18
       Brothers in Arms  |       |       |     1 |     1 |       ||     2
 Abil: Breathe Fire      |       |       |     2 |     4 |       ||     6
Evoke: Wand              |       |       |     2 |     2 |     2 ||     6
  Use: Potion            |       |       |     1 |     1 |     1 ||     3
       Scroll            |       |       |       |     2 |       ||     2
Armor: Skin              |     5 |     2 |    10 |    30 |    13 ||    60
Dodge: Dodged            |     4 |     7 |    33 |   172 |    19 ||   235

Table legend: (Time is in decaauts)
 A = Elapsed time spent in this place.
 B = Non-inter-level travel time spent in this place.
 C = Inter-level travel time spent in this place.
 D = Time resting spent in this place.
 E = Time spent auto-exploring this place.
 F = Levels seen in this place.
 G = Mean time per level.
                   A        B        C        D        E       F      G
               +--------+--------+--------+--------+--------+-----+--------+
         Total |   4645 |   4645 |      0 |   2992 |    622 |   1 | 4645.0 |
       Dungeon |   4645 |   4645 |      0 |   2992 |    622 |   1 | 4645.0 |
               +--------+--------+--------+--------+--------+-----+--------+

Top non-repeatable levels by time:
       D: 4645 daAuts
